 Dungeon Crawl Stone Soup version 0.27-a0-1312-g5cdb2b3542 (webtiles) character file.

Game seed: 12310999497041587372

149 avis the Changer (level 5, -2/36 (38) HPs)
             Began as a Merfolk Transmuter on June 20, 2021.
             Slain by Crazy Yiuf (11 damage)
             ... on level 3 of the Dungeon.
             The game lasted 00:13:06 (2883 turns).

avis the Changer (Merfolk Transmuter)               Turns: 2883, Time: 00:13:06

HP:   -2/36 (38)    AC:  6    Str: 11    XL:     5   Next: 31%
MP:   2/8           EV: 12    Int: 12    God:
Gold: 80            SH:  0    Dex: 15    Spells: 2/8 levels left

rFire    . . .     SeeInvis .   g - +2 whip (vamp)
rCold    . . .     Faith    .   (no shield)
rNeg     . . .     Spirit   .   j - +3 leather armour
rPois    .         Reflect  .   (helmet currently unavailable)
rElec    .         Harm     .   (no cloak)
rCorr    +         Rampage  .   (no gloves)
Will     .....                  (boots currently unavailable)
Stlth    +.........             (no amulet)
HPRegen  0.12/turn              m - ring of resist corrosion
MPRegen  0.11/turn              (no ring)

@: appendages (expiring), very slightly contaminated, drained
A: horns 2, (nimble swimmer 2), mertail
a: End Transformation


You were on level 3 of the Dungeon.
You had temporarily grown beastly horns.
You visited 1 branch of the dungeon, and saw 3 of its levels.

You collected 80 gold pieces.

Inventory:

Hand Weapons
 g - a +2 vampiric whip (weapon)
Missiles
 a - 10 arrows
 b - 88 stones
Armour
 j - a +3 leather armour (worn)
Magical Staves
 c - a staff of earth
Jewellery
 l - a ring of fire
 m - a ring of resist corrosion (left hand)
Wands
 k - a wand of polymorph (10)
Scrolls
 f - a scroll of immolation
 h - a scroll of brand weapon {unknown}
 n - a scroll of teleportation {unknown}
Potions
 d - a potion of flight {unknown}
 e - a potion of lignification {unknown}
 i - a potion of degeneration {unknown}


   Skills:
 - Level 2.0 Fighting
 - Level 3.0 Dodging
 + Level 4.2 Unarmed Combat
 * Level 2.0 Spellcasting
 + Level 4.3 Transmutations
 + Level 2.9 Poison Magic


You had 2 spell levels left.
You knew the following spells:

 Your Spells              Type           Power      Damage    Failure   Level
a - Beastly Appendage     Tmut           22%        N/A       6%          1
b - Wereblood             Tmut           11%        N/A       9%          2
p - Spider Form           Tmut/Pois      4%         N/A       24%         3

Your spell library contained the following spells:

 Spells                   Type           Power      Damage    Failure   Level
 Confusing Touch          Hex            1%         N/A       71%         3
 Gell's Gravitas          Tloc           0%         N/A       71%         3
 Ice Form                 Ice/Tmut       6%         N/A       82%         4
 Petrify                  Tmut/Erth      6%         N/A       82%         4
 Yara's Violent Unravell  Hex/Tmut       3%         3d4       99%         5
 Metabolic Englaciation   Hex/Ice        0%         N/A       100%        5


Dungeon Overview and Level Annotations

Branches:
Dungeon (3/15)

Altars:

Annotations:
D:3 Crazy Yiuf


Innate Abilities, Weirdness & Mutations

You have temporarily grown beastly horns.
((You are quick and stealthy near water. (Stealth+, EV+, Speed+++)))
Your lower body shifts to a powerful aquatic tail in water.


Message History

Found a mace.
Found a runed translucent door.
Casting: Beastly Appendage (safe; 6% risk of failure)
Confirm with . or Enter, or press ? or * to list all spells.
You grow a pair of large bovine horns.
Crazy Yiuf shouts!
You open the door. You hit Crazy Yiuf but do no damage.
Your transformation is almost over.
Crazy Yiuf misses you.
You hit Crazy Yiuf.
Crazy Yiuf is lightly wounded.
Crazy Yiuf hits you with a +4 quarterstaff of chaos!
Crazy Yiuf draws strength from your wounds!
You hit Crazy Yiuf.
You headbutt Crazy Yiuf, but do no damage.
Crazy Yiuf is lightly wounded.
Crazy Yiuf misses you.
You hit Crazy Yiuf but do no damage. Your headbutt misses Crazy Yiuf.
Crazy Yiuf is lightly wounded.
Crazy Yiuf hits you with a +4 quarterstaff of chaos.
Crazy Yiuf freezes you.
Casting: Beastly Appendage (safe; 6% risk of failure)
Confirm with . or Enter, or press ? or * to list all spells.
The spell is quite dangerous to cast (24% risk of failure)!
Continue anyway?
You miscast Spider Form.
You are very lightly contaminated with residual magic.
Nothing appears to happen.
Crazy Yiuf hits you with a +4 quarterstaff of chaos!
* * * LOW HITPOINT WARNING * * *
You feel drained.
Casting: Spider Form (quite dangerous; 24% risk of failure)
Confirm with . or Enter, or press ? or * to list all spells.
You don't know that spell.
Unknown command.
Casting: Spider Form (quite dangerous; 24% risk of failure)
Confirm with . or Enter, or press ? or * to list all spells.
The spell is quite dangerous to cast (24% risk of failure)!
Continue anyway?
You miscast Spider Form.
Nothing appears to happen.
Crazy Yiuf hits you with a +4 quarterstaff of chaos!
You die...

##########
#..+.P.#.### ###
#.....P.#..##...#
#....P.####@g...# #
#..+.P## ###..)# #
#.##### ###
######.## ###
........# ###<.
#######.# ######...#
###
########....<.###
.................
####
##########.^#####...


You could see Crazy Yiuf.

Vanquished Creatures
  Ijyb (D:3)
  Jessica (D:2)
  4 adders (D:2)
  A worm (D:2)
  2 dart slugs
  3 endoplasms
  3 giant cockroaches
  3 goblins
  7 hobgoblins
  2 jackals (D:2)
  3 quokkas (D:1)
  6 ball pythons
  5 bats
  3 frilled lizards
  5 kobolds
  5 rats
54 creatures vanquished.

Notes
Turn   | Place    | Note
-------+----------+-------------------------------------------
     0 | D:1      | avis the Merfolk Transmuter began the quest for the Orb.
     0 | D:1      | Reached XP level 1. HP: 15/15 MP: 3/3
   290 | D:1      | Reached XP level 2. HP: 14/21 MP: 5/5
   293 | D:1      | Learned a level 2 spell: Wereblood
   726 | D:1      | Found a faded altar of an unknown god.
  1037 | D:1      | Reached XP level 3. HP: 25/27 MP: 4/6
  1148 | D:1      | Learned a level 3 spell: Spider Form
  1601 | D:2      | Reached skill level 1 in Poison Magic
  1687 | D:2      | Reached XP level 4. HP: 30/33 MP: 5/7
  1909 | D:2      | Noticed Jessica
  1929 | D:2      | Killed Jessica
  2307 | D:2      | Reached XP level 5. HP: 38/38 MP: 6/8
  2490 | D:3      | Noticed Ijyb
  2506 | D:3      | Killed Ijyb
  2871 | D:3      | Found a runed translucent door.
  2872 | D:3      | Noticed Crazy Yiuf
  2883 | D:3      | Slain by Crazy Yiuf

Illustrated notes

Levels and vault maps discovered:
D:1:      erik_arrival_cave_to_civilisation [erik_arrival_cave_to_hall],
          layout_basic, hellmonk_ecumenical_altar_blasted
D:2:      layout_basic, uniq_jessica
D:3:      layout_rooms, chequers_serial_rivers_micro_b, uniq_sigmund, uniq_ijyb,
          uniq_crazy_yiuf_cottage

Skill      XL: |  1  2  3  4 |
---------------+-------------+-----
Transmutations | 3 4 |  4.3
Dodging        | 3 |  3.0
Fighting       | 2 |  2.0
Poison Magic   | 1 2 |  2.9
Unarmed Combat | 4 |  4.2
Spellcasting   | |  2.0

Action                   |  1- 3 |  4- 6 || total
-------------------------+-------+-------++-------
Melee: Unarmed           |    97 |     5 ||   102
       Headbutt          |    19 |     6 ||    25
       Punch             |     3 |     1 ||     4
       Whip              |     5 |    66 ||    71
 Cast: Beastly Appendage |    21 |    14 ||    35
       Spider Form       |     3 |     1 ||     4
 Stab: Sleeping          |     2 |       ||     2
Armor: Robe              |     9 |     2 ||    11
       Leather armour    |       |    16 ||    16
       Skin              |       |     3 ||     3
Dodge: Dodged            |    85 |    37 ||   122

Table legend: (Time is in decaauts)
 A = Elapsed time spent in this place.
 B = Non-inter-level travel time spent in this place.
 C = Inter-level travel time spent in this place.
 D = Time resting spent in this place.
 E = Time spent auto-exploring this place.
 F = Levels seen in this place.
 G = Mean time per level.
                   A        B        C        D        E       F      G
               +--------+--------+--------+--------+--------+-----+--------+
         Total |   2888 |   2688 |    200 |    825 |   1247 |   3 |  962.7 |
       Dungeon |   2888 |   2688 |    200 |    825 |   1247 |   3 |  962.7 |
               +--------+--------+--------+--------+--------+-----+--------+

Top non-repeatable levels by time:
     D:1: 1515 daAuts
     D:2: 915 daAuts
     D:3: 456 daAuts
